WCHLSIM.com - West Coast Hockey League
html PUBLIC "-//W3C//DTD XHTML 1.0 Transitional//EN" "http://www.w3.org/TR/xhtml1/DTD/xhtml1-transitional.dtd"> WCHL - Game 727 - OKANAGAN RATTLESNAKES vs PORTLAND PIRATES

OKANAGAN RATTLESNAKES vs PORTLAND PIRATES

Created - 30 janvier 2023 at 07:22

Goals
1 2 3 T
OKANAGAN RATTLESNAKES 1 2 0 3
PORTLAND PIRATES 1 1 0 2
Shots
1 2 3 T
OKANAGAN RATTLESNAKES 6 8 8 22
PORTLAND PIRATES 12 15 15 42

1st period

1. PORTLAND PIRATES , Yanni Gourde 15 (Chandler Stephenson 28) at 6:15
2. OKANAGAN RATTLESNAKES , Kevin Hayes 8 (Lars Eller 22, Justin Faulk 14) at 10:18

Penalties :
No Penalty

2nd period

3. OKANAGAN RATTLESNAKES , Kevin Hayes 9 (Mike Hoffman 9, Jordan Eberle 14) at 1:12 (PP)
4. PORTLAND PIRATES , Chandler Stephenson 15 (Yanni Gourde 19) at 1:37
5. OKANAGAN RATTLESNAKES , Kevin Hayes 10 (Anders Lee 11, Lars Eller 23) at 18:25

Penalties :
Mark Borowiecki (POR) for Tripping (Minor) at 0:05, Gabriel Landeskog (POR) for Fighting (Major) at 11:45, Luke Kunin (OKA) for Fighting (Major) at 11:45, Yanni Gourde (POR) for Interference (Minor) at 18:54, Travis Dermott (OKA) for Interference (Minor) at 18:54

3rd period

No Goal

Penalties :
Yanni Kaldis (OKA) for Holding (Minor) at 11:46, Ryan Reaves (OKA) for Holding (Minor) at 17:01

Goalie Stats

Ville Husso (OKA), 40 saves from 42 shots - (0,952), W, 11-14-0, 60:00 minutes
Anton Forsberg (POR), 19 saves from 22 shots - (0,864), L, 14-14-5, 59:00 minutes

Players Stats for OKANAGAN RATTLESNAKES

Player Name              G  A  P  +/- PIM S  H  SB GA TA FO     MP     PP MP  PK MP  
------------------------------------------------------------------------------------
Adam Clendening          0  0  0   0  0   0  4  0  0  0  0/0    23:02   0:46   2:20 
Anders Lee               0  1  1   2  0   0  1  0  0  0  10/22  20:04   0:00   2:42 
Colin White              0  0  0  -1  0   1  1  0  0  0  0/1    11:47   0:00   0:00 
Darren Helm              0  0  0  -1  0   4  2  0  0  0  0/0    13:53   0:21   1:16 
Eric Robinson            0  0  0   0  0   1  0  0  0  0  0/0     7:31   0:00   0:00 
Jordan Eberle            0  1  1  -1  0   2  0  0  0  0  0/3    18:47   0:46   1:16 
Jordie Benn              0  0  0  -1  0   0  0  3  0  0  0/0    17:23   0:00   0:00 
Justin Faulk             0  1  1   0  0   1  2  2  0  0  0/0    24:07   0:21   2:10 
Kevin Hayes              3  0  3   2  0   6  1  0  0  0  2/2    18:18   0:46   0:10 
Lars Eller               0  2  2   2  0   3  2  0  0  0  3/6    19:13   0:21   0:00 
Luke Kunin               0  0  0   0  5   1  1  0  0  0  3/11    7:30   0:00   0:00 
Mike Hoffman             0  1  1  -1  0   0  0  1  0  0  1/1    17:02   0:46   0:00 
Olli Maatta              0  0  0   1  0   0  3  2  0  0  0/0    21:55   0:46   1:48 
Oskar Sundqvist          0  0  0  -1  0   2  1  0  0  0  10/18  16:10   0:21   2:32 
Ryan Reaves              0  0  0  -1  2   0  3  0  0  0  4/19   16:15   0:00   0:00 
Travis Dermott           0  0  0   1  2   0  6  0  0  0  0/0    15:51   0:21   1:38 
Tyson Jost               0  0  0   0  0   1  0  0  0  0  0/2     7:31   0:00   0:00 
Yanni Kaldis             0  0  0  -1  2   0  1  0  0  0  0/0    17:40   0:00   0:00 

Players Stats for PORTLAND PIRATES

Player Name              G  A  P  +/- PIM S  H  SB GA TA FO     MP     PP MP  PK MP  
------------------------------------------------------------------------------------
Ben Hutton               0  0  0   1  0   1  0  3  0  0  0/0    19:00   2:06   0:00 
Brett Pesce              0  0  0   1  0   1  0  1  0  0  0/0    19:41   0:00   0:09 
Brian Dumoulin           0  0  0  -2  0   0  0  1  0  0  0/0    19:27   0:00   0:58 
Chandler Stephenson      1  1  2   2  0   6  0  0  0  0  15/27  19:21   1:51   0:00 
Gabriel Landeskog        0  0  0  -1  5   5  1  0  0  0  1/2    17:49   1:51   0:00 
Jonathan Toews           0  0  0  -1  0   1  0  0  0  0  13/19  17:06   0:00   0:00 
Mark Borowiecki          0  0  0   1  2   0  4  1  0  0  0/0    18:45   1:52   0:00 
Mattias Ekholm           0  0  0  -2  0   0  1  1  0  0  0/0    20:11   0:00   0:58 
Michael Amadio           0  0  0  -1  0   0  0  0  0  0  0/1     5:34   0:00   0:00 
Mika Zibanejad           0  0  0  -1  0   7  0  0  0  0  18/25  20:48   2:07   0:00 
Pavel Zacha              0  0  0   0  0   3  0  0  0  0  2/7    17:45   2:06   1:07 
Rickard Rakell           0  0  0   0  0   3  0  0  0  0  0/0    16:24   1:52   0:00 
Robert Thomas            0  0  0   2  0   9  0  0  0  0  1/1    20:57   2:07   0:00 
Ryan Donato              0  0  0   0  0   0  0  0  0  0  0/0     0:00   0:00   0:00 
Travis Hamonic           0  0  0   1  0   0  1  0  0  0  0/0    18:57   0:00   0:09 
Travis Konecny           0  0  0  -1  0   4  0  0  0  0  1/2    20:48   2:07   0:00 
William Carrier          0  0  0  -1  0   0  2  1  0  0  0/0     4:58   0:00   1:07 
Yanni Gourde             1  1  2   2  2   2  4  0  0  0  1/1    19:20   1:51   0:00 

3 Stars

1 - Kevin Hayes (OKA)
2 - Ville Husso (OKA)
3 - Yanni Gourde (POR)

Power Play

OKANAGAN RATTLESNAKES - 1 on 1 Attempt(s) - 100,00%
PORTLAND PIRATES - 0 on 2 Attempt(s) - 0,00%

Penalty Kill

OKANAGAN RATTLESNAKES - 2 on 2 Attempt(s) - 100,00% - Score 0 goal in Penalty Kill
PORTLAND PIRATES - 0 on 1 Attempt(s) - 0,00% - Score 0 goal in Penalty Kill

Team Stat

OKANAGAN RATTLESNAKES - Hits : 28 - Faceoff Wins : 33 - Blocked Shots : 8 - Penalty Minutes : 11
PORTLAND PIRATES - Hits : 13 - Faceoff Wins : 52 - Blocked Shots : 8 - Penalty Minutes : 9

Official

Referees : Kenny Anderson and Ian Walsh
Linesman : Derek Amell and Bryan Pancich

Game Notes

Gabriel Landeskog and Luke Kunin fight to a draw at 11:45 of 2nd period
Kevin Hayes has scored a Hat Trick!
Justin Faulk is injured at 18:50 of 3rd period (Sprained Left Ankle)

Finance

Level 1 -- Attendance: 7939 (99,24%) -- Ticket Income 1 262 301 $
Level 2 -- Attendance: 6000 (100,00%) -- Ticket Income 684 000 $
Level 3 -- Attendance: 3000 (100,00%) -- Ticket Income 252 000 $
Level 4 -- Attendance: 4000 (100,00%) -- Ticket Income 316 000 $
Luxury Box -- Attendance: 926 (92,60%) -- Ticket Income 318 544 $
Total Attendance: 21865 (99,39%)
Total Ticket Income: 2 832 845 $
Other Expense: 28 328 $
Total Income: 2 804 517 $

OKANAGAN RATTLESNAKES

5 vs 5 Forward 
   Center                   Left Wing                Right Wing               Time % Phy DF OF 
 1 Anders Lee               Lars Eller               Kevin Hayes              36     1   2  2  
 2 Ryan Reaves              Mike Hoffman             Jordan Eberle            31     1   2  2  
 3 Oskar Sundqvist          Darren Helm              Colin White              23     1   2  2  
 4 Luke Kunin               Eric Robinson            Tyson Jost               10     1   2  2  

5 vs 5 Defense 
   Defense                  Defense                                           Time % Phy DF OF 
 1 Justin Faulk             Adam Clendening                                   36     1   2  2  
 2 Yanni Kaldis             Jordie Benn                                       31     1   2  2  
 3 Olli Maatta              Travis Dermott                                    23     1   2  2  
 4 Olli Maatta              Justin Faulk                                      10     1   2  2  

PowerPlay Forward 
   Center                   Left Wing                Right Wing               Time % Phy DF OF 
 1 Lars Eller               Darren Helm              Oskar Sundqvist          55     1   2  2  
 2 Kevin Hayes              Mike Hoffman             Jordan Eberle            45     1   2  2  

PowerPlay Defense
   Defense                  Defense                                           Time % Phy DF OF 
 1 Travis Dermott           Justin Faulk                                      55     1   2  2  
 2 Olli Maatta              Adam Clendening                                   45     1   2  2  

Penalty Kill 4 Players Forward 
   Center                   Wing                     Time % Phy DF OF 
 1 Oskar Sundqvist          Anders Lee               55     1   2  2  
 2 Jordan Eberle            Darren Helm              45     1   2  2  

Penalty Kill 4 Players Defense
   Defense                  Defense                  Time % Phy DF OF 
 1 Travis Dermott           Olli Maatta              55     1   2  2  
 2 Adam Clendening          Justin Faulk             45     1   2  2  

Penalty Kill - 3 Players Forward 
   Forward                                           Time % Phy DF OF 
 1 Jordan Eberle                                     55     1   2  2  
 2 Oskar Sundqvist                                   45     1   2  2  

Penalty Kill - 3 Players Defense
   Defense                  Defense                  Time % Phy DF OF 
 1 Travis Dermott           Justin Faulk             55     1   2  2  
 2 Olli Maatta              Adam Clendening          45     1   2  2  

4 vs 4 Forward 
   Center                   Wing                     Time % Phy DF OF 
 1 Lars Eller               Oskar Sundqvist          55     1   2  2  
 2 Jordan Eberle            Darren Helm              45     1   2  2  

4 vs 4 Defense
   Defense                  Defense                  Time % Phy DF OF 
 1 Adam Clendening          Travis Dermott           55     1   2  2  
 2 Olli Maatta              Justin Faulk             45     1   2  2  

Last Minutes Offensive
   Center                   Left Wing                Right Wing               Defense                  Defense                  
   Anders Lee               Lars Eller               Kevin Hayes              Justin Faulk             Adam Clendening          

Last Minutes Defensive
   Center                   Left Wing                Right Wing               Defense                  Defense                  
   Anders Lee               Lars Eller               Kevin Hayes              Justin Faulk             Adam Clendening          

Goaltenders
Starting : Ville Husso              
Backup : Laurent Brossoit         

Extra Forwards
Normal : Oskar Sundqvist, Colin White, Darren Helm - PP : Oskar Sundqvist, Colin White - PK : Darren Helm
Extra Defensemen
Normal : Olli Maatta, Travis Dermott, Adam Clendening - PP : Travis Dermott - PK : Travis Dermott, Olli Maatta
Penalty Shots
Anders Lee, Darren Helm, Jordan Eberle, Oskar Sundqvist, Lars Eller
Custom OT Lines Forwards
Kevin Hayes, Anders Lee, Jordan Eberle, Lars Eller, Tyson Jost, Mike Hoffman, Oskar Sundqvist, Colin White, Darren Helm, Eric Robinson
Custom OT Lines Defensemen
Travis Dermott, Olli Maatta, Adam Clendening, Jordie Benn, Yanni Kaldis

Scratches
T.J. Oshie (Left Hip Injury), Kevin Labanc (Healthy), Markus Nutivaara (Right Hand Injury), Victor Mete (Strained Left Knee Injury), Carter Hutton (Healthy)

PORTLAND PIRATES

5 vs 5 Forward 
   Center                   Left Wing                Right Wing               Time % Phy DF OF 
 1 Mika Zibanejad           Gabriel Landeskog        Travis Konecny           34     0   2  3  
 2 Chandler Stephenson      Yanni Gourde             Robert Thomas            34     0   2  3  
 3 Jonathan Toews           Pavel Zacha              Rickard Rakell           25     0   2  3  
 4 Jonathan Toews           William Carrier          Michael Amadio           7      1   2  2  

5 vs 5 Defense 
   Defense                  Defense                                           Time % Phy DF OF 
 1 Brian Dumoulin           Mattias Ekholm                                    33     0   4  1  
 2 Brett Pesce              Travis Hamonic                                    33     0   4  1  
 3 Mark Borowiecki          Ben Hutton                                        20     0   4  1  
 4 Mark Borowiecki          Ben Hutton                                        14     1   4  0  

PowerPlay Forward 
   Center                   Left Wing                Right Wing               Time % Phy DF OF 
 1 Mika Zibanejad           Travis Konecny           Robert Thomas            60     0   0  5  
 2 Chandler Stephenson      Gabriel Landeskog        Yanni Gourde             40     0   0  5  

PowerPlay Defense
   Defense                  Defense                                           Time % Phy DF OF 
 1 Ben Hutton               Pavel Zacha                                       60     0   2  3  
 2 Mark Borowiecki          Rickard Rakell                                    40     0   2  3  

Penalty Kill 4 Players Forward 
   Center                   Wing                     Time % Phy DF OF 
 1 Pavel Zacha              William Carrier          60     0   5  0  
 2 Yanni Gourde             Michael Amadio           40     0   5  0  

Penalty Kill 4 Players Defense
   Defense                  Defense                  Time % Phy DF OF 
 1 Brian Dumoulin           Mattias Ekholm           60     0   5  0  
 2 Brett Pesce              Travis Hamonic           40     0   5  0  

Penalty Kill - 3 Players Forward 
   Forward                                           Time % Phy DF OF 
 1 William Carrier                                   55     0   5  0  
 2 Michael Amadio                                    45     0   5  0  

Penalty Kill - 3 Players Defense
   Defense                  Defense                  Time % Phy DF OF 
 1 Brian Dumoulin           Brett Pesce              55     0   5  0  
 2 Mattias Ekholm           Travis Hamonic           45     0   5  0  

4 vs 4 Forward 
   Center                   Wing                     Time % Phy DF OF 
 1 Pavel Zacha              Rickard Rakell           55     0   2  3  
 2 Jonathan Toews           Robert Thomas            45     0   2  3  

4 vs 4 Defense
   Defense                  Defense                  Time % Phy DF OF 
 1 Brian Dumoulin           Travis Hamonic           55     0   3  2  
 2 Brett Pesce              Mattias Ekholm           45     0   3  2  

Last Minutes Offensive
   Center                   Left Wing                Right Wing               Defense                  Defense                  
   Mika Zibanejad           Travis Konecny           Robert Thomas            Brett Pesce              Mattias Ekholm           

Last Minutes Defensive
   Center                   Left Wing                Right Wing               Defense                  Defense                  
   Jonathan Toews           William Carrier          Michael Amadio           Brian Dumoulin           Ben Hutton               

Goaltenders
Starting : Anton Forsberg           
Backup : Kevin Lankinen           

Extra Forwards
Normal : Michael Amadio, William Carrier, Pavel Zacha - PP : Jonathan Toews, Ryan Donato - PK : Rickard Rakell
Extra Defensemen
Normal : Ben Hutton, Mark Borowiecki, Brian Dumoulin - PP : Brian Dumoulin - PK : Ben Hutton, Mark Borowiecki
Penalty Shots
Mika Zibanejad, Gabriel Landeskog, Robert Thomas, Chandler Stephenson, Rickard Rakell
Custom OT Lines Forwards
Mika Zibanejad, Gabriel Landeskog, Travis Konecny, Robert Thomas, Chandler Stephenson, Yanni Gourde, Rickard Rakell, Jonathan Toews, Pavel Zacha, Michael Amadio
Custom OT Lines Defensemen
Mattias Ekholm, Brett Pesce, Brian Dumoulin, Travis Hamonic, Ben Hutton

Scratches
Thomas Chabot (Separated Left Shoulder Injury), Cameron Talbot (Healthy)

% Time on Ice - OKANAGAN RATTLESNAKES

Lines # - Real PCT - Wanted PCT - Time Play
Normal Forward
1 - 32% - 36% - 16:23
2 - 31% - 31% - 16:16
3 - 23% - 23% - 11:47
4 - 14% - 10% - 7:31
Normal Defense
1 - 33% - 36% - 17:16
2 - 34% - 31% - 17:41
3 - 26% - 23% - 13:45
4 - 6% - 10% - 3:15
PP Forward
1 - 31% - 55% - 0:21
2 - 69% - 45% - 0:46
PP Defense
1 - 31% - 55% - 0:21
2 - 69% - 45% - 0:46
PK Forward
1 - 68% - 55% - 2:42
2 - 32% - 45% - 1:16
PK Defense
1 - 41% - 55% - 1:38
2 - 59% - 45% - 2:20
PK3 Forward
1 - 0% - 55%
2 - 0% - 45%
PK3 Defense
1 - 0% - 55%
2 - 0% - 45%
44 Forward
1 - 76% - 55% - 1:30
2 - 24% - 45% - 0:29
44 Defense
1 - 70% - 55% - 1:23
2 - 30% - 45% - 0:36
Last Minute Offensive  - 0:00
Last Minute Defensive  - 0:59
Total
Forward - 60:00
Defense - 60:00

% Time on Ice - PORTLAND PIRATES

Lines # - Real PCT - Wanted PCT - Time Play
Normal Forward
1 - 34% - 34% - 17:42
2 - 34% - 34% - 17:30
3 - 25% - 25% - 12:54
4 - 7% - 7% - 3:51
Normal Defense
1 - 33% - 33% - 17:22
2 - 34% - 33% - 17:41
3 - 20% - 20% - 10:13
4 - 13% - 14% - 6:41
PP Forward
1 - 53% - 60% - 2:07
2 - 47% - 40% - 1:51
PP Defense
1 - 53% - 60% - 2:06
2 - 47% - 40% - 1:52
PK Forward
1 - 100% - 60% - 1:07
2 - 0% - 40% - 0:00
PK Defense
1 - 87% - 60% - 0:58
2 - 13% - 40% - 0:09
PK3 Forward
1 - 0% - 55%
2 - 0% - 45%
PK3 Defense
1 - 0% - 55%
2 - 0% - 45%
44 Forward
1 - 82% - 55% - 1:38
2 - 18% - 45% - 0:21
44 Defense
1 - 56% - 55% - 1:07
2 - 44% - 45% - 0:52
Last Minute Offensive  - 0:59
Last Minute Defensive  - 0:00
Total
Forward - 60:00
Defense - 60:00

Play-by-Play

1st period


0:01 of 1st period - Anders Lee wins face-off versus Mika Zibanejad in neutral zone.
0:45 of 1st period - Icing by Mattias Ekholm.
0:46 of 1st period - Ryan Reaves wins face-off versus Mika Zibanejad in PORTLAND PIRATES zone.
1:54 of 1st period - Icing by Jordan Eberle.
1:55 of 1st period - Jonathan Toews wins face-off versus Ryan Reaves in OKANAGAN RATTLESNAKES zone.
2:26 of 1st period - Shot by Pavel Zacha.
2:26 of 1st period - Stopped by Ville Husso without a rebound.
2:27 of 1st period - Oskar Sundqvist wins face-off versus Mika Zibanejad in OKANAGAN RATTLESNAKES zone.
2:32 of 1st period - Mika Zibanejad is hit by Oskar Sundqvist and loses puck.
3:08 of 1st period - Icing by Gabriel Landeskog.
3:09 of 1st period - Mika Zibanejad wins face-off versus Lars Eller in PORTLAND PIRATES zone.
3:09 of 1st period - Mika Zibanejad is hit by Lars Eller.
3:19 of 1st period - Mattias Ekholm is hit by Kevin Hayes and loses puck.
3:26 of 1st period - Shot by Kevin Hayes.
3:26 of 1st period - Stopped by Anton Forsberg without a rebound.
3:27 of 1st period - Luke Kunin wins face-off versus Jonathan Toews in PORTLAND PIRATES zone.
3:39 of 1st period - Pavel Zacha is hit by Adam Clendening and loses puck.
4:06 of 1st period - Shot by Pavel Zacha.
4:06 of 1st period - Shot Misses the Net.
4:08 of 1st period - Shot by Pavel Zacha.
4:08 of 1st period - Stopped by Ville Husso without a rebound.
4:09 of 1st period - Chandler Stephenson wins face-off versus Anders Lee in OKANAGAN RATTLESNAKES zone.
4:26 of 1st period - Shot by Kevin Hayes.
4:26 of 1st period - Shot Misses the Net.
4:54 of 1st period - Shot by Chandler Stephenson.
4:54 of 1st period - Stopped by Ville Husso without a rebound.
4:55 of 1st period - Jonathan Toews wins face-off versus Colin White in OKANAGAN RATTLESNAKES zone.
5:14 of 1st period - Shot by Oskar Sundqvist.
5:14 of 1st period - Stopped by Anton Forsberg without a rebound.
5:15 of 1st period - Mika Zibanejad wins face-off versus Ryan Reaves in PORTLAND PIRATES zone.
5:47 of 1st period - Shot by Gabriel Landeskog.
5:47 of 1st period - Deflect By Travis Konecny.
5:47 of 1st period - Shot Misses the Net.
6:13 of 1st period - Icing by Justin Faulk.
6:14 of 1st period - Chandler Stephenson wins face-off versus Ryan Reaves in OKANAGAN RATTLESNAKES zone.
6:15 of 1st period - Shot by Yanni Gourde.
6:15 of 1st period - Goal by Yanni Gourde - OKANAGAN RATTLESNAKES : 0 - PORTLAND PIRATES : 1.
6:16 of 1st period - Anders Lee wins face-off versus Chandler Stephenson in neutral zone.
6:32 of 1st period - Shot by Robert Thomas.
6:32 of 1st period - Shot Blocked by Olli Maatta.
6:34 of 1st period - Shot by Yanni Gourde.
6:34 of 1st period - Shot Misses the Net.
6:43 of 1st period - Robert Thomas is hit by Travis Dermott and loses puck.
7:03 of 1st period - Yanni Gourde is hit by Travis Dermott and loses puck.
8:30 of 1st period - Shot by Travis Konecny.
8:30 of 1st period - Stopped by Ville Husso with a rebound.
9:22 of 1st period - Yanni Gourde is hit by Darren Helm and loses puck.
9:51 of 1st period - Darren Helm is hit by William Carrier and loses puck.
10:03 of 1st period - Michael Amadio is hit by Adam Clendening and loses puck.
10:18 of 1st period - Shot by Kevin Hayes.
10:18 of 1st period - Goal by Kevin Hayes - OKANAGAN RATTLESNAKES : 1 - PORTLAND PIRATES : 1.
10:19 of 1st period - Mika Zibanejad wins face-off versus Ryan Reaves in neutral zone.
11:29 of 1st period - Shot by Rickard Rakell.
11:29 of 1st period - Stopped by Ville Husso without a rebound.
11:30 of 1st period - Kevin Hayes wins face-off versus Chandler Stephenson in OKANAGAN RATTLESNAKES zone.
11:37 of 1st period - Shot by Anders Lee.
11:37 of 1st period - Shot Misses the Net.
12:16 of 1st period - Shot by Robert Thomas.
12:16 of 1st period - Stopped by Ville Husso without a rebound.
12:17 of 1st period - Jonathan Toews wins face-off versus Luke Kunin in OKANAGAN RATTLESNAKES zone.
12:20 of 1st period - Shot by Pavel Zacha.
12:20 of 1st period - Shot Misses the Net.
12:28 of 1st period - Shot by Eric Robinson.
12:28 of 1st period - Shot Misses the Net.
12:30 of 1st period - Shot by Eric Robinson.
12:30 of 1st period - Shot Blocked by Mattias Ekholm.
12:32 of 1st period - Shot by Eric Robinson.
12:32 of 1st period - Stopped by Anton Forsberg without a rebound.
12:33 of 1st period - Mika Zibanejad wins face-off versus Luke Kunin in PORTLAND PIRATES zone.
14:45 of 1st period - Shot by Yanni Gourde.
14:45 of 1st period - Stopped by Ville Husso without a rebound.
14:46 of 1st period - Mika Zibanejad wins face-off versus Oskar Sundqvist in OKANAGAN RATTLESNAKES zone.
15:03 of 1st period - Shot by Oskar Sundqvist.
15:03 of 1st period - Stopped by Anton Forsberg without a rebound.
15:04 of 1st period - Jonathan Toews wins face-off versus Ryan Reaves in PORTLAND PIRATES zone.
15:38 of 1st period - Icing by Brett Pesce.
15:39 of 1st period - Jonathan Toews wins face-off versus Anders Lee in PORTLAND PIRATES zone.
15:57 of 1st period - Icing by Travis Hamonic.
15:58 of 1st period - Oskar Sundqvist wins face-off versus Jonathan Toews in PORTLAND PIRATES zone.
16:01 of 1st period - Shot by Darren Helm.
16:01 of 1st period - Stopped by Anton Forsberg without a rebound.
16:02 of 1st period - Chandler Stephenson wins face-off versus Anders Lee in PORTLAND PIRATES zone.
16:02 of 1st period - Chandler Stephenson is hit by Anders Lee.
16:25 of 1st period - Icing by Justin Faulk.
16:26 of 1st period - Anders Lee wins face-off versus Travis Konecny in OKANAGAN RATTLESNAKES zone.
17:04 of 1st period - Icing by Brian Dumoulin.
17:05 of 1st period - Gabriel Landeskog wins face-off versus Ryan Reaves in PORTLAND PIRATES zone.
17:12 of 1st period - Shot by Gabriel Landeskog.
17:12 of 1st period - Shot Misses the Net.
17:24 of 1st period - Shot by Gabriel Landeskog.
17:24 of 1st period - Stopped by Ville Husso with a rebound.
17:26 of 1st period - Shot by Brian Dumoulin.
17:26 of 1st period - Shot Misses the Net.
17:46 of 1st period - Shot by Jordan Eberle.
17:46 of 1st period - Shot Misses the Net.
18:02 of 1st period - Shot by Robert Thomas.
18:02 of 1st period - Shot Blocked by Jordie Benn.
18:04 of 1st period - Shot by Ben Hutton.
18:04 of 1st period - Stopped by Ville Husso with a rebound.
18:07 of 1st period - Yanni Gourde is hit by Yanni Kaldis and loses puck.
18:12 of 1st period - Shot by Chandler Stephenson.
18:12 of 1st period - Stopped by Ville Husso without a rebound.
18:13 of 1st period - Jonathan Toews wins face-off versus Anders Lee in OKANAGAN RATTLESNAKES zone.
18:58 of 1st period - Off-side.
18:59 of 1st period - Oskar Sundqvist wins face-off versus Chandler Stephenson in neutral zone.
19:08 of 1st period - Colin White is hit by Yanni Gourde.
19:22 of 1st period - Shot by Robert Thomas.
19:22 of 1st period - Shot Misses the Net.
19:24 of 1st period - Shot by Mattias Ekholm.
19:24 of 1st period - Shot Misses the Net.
19:26 of 1st period - Shot by Robert Thomas.
19:26 of 1st period - Stopped by Ville Husso without a rebound.
19:27 of 1st period - Mika Zibanejad wins face-off versus Tyson Jost in OKANAGAN RATTLESNAKES zone.
19:48 of 1st period - Icing by Olli Maatta.
19:49 of 1st period - Jonathan Toews wins face-off versus Luke Kunin in OKANAGAN RATTLESNAKES zone.
Goals for this period are 1 for OKANAGAN RATTLESNAKES vs 1 for PORTLAND PIRATES.
Shots for this period are 6 for OKANAGAN RATTLESNAKES vs 12 for PORTLAND PIRATES.

2nd period


0:01 of 2nd period - Chandler Stephenson wins face-off versus Anders Lee in neutral zone.
0:05 of 2nd period - Minor Penalty to Mark Borowiecki for Tripping.
0:06 of 2nd period - Lars Eller wins face-off versus Pavel Zacha in PORTLAND PIRATES zone.
0:26 of 2nd period - Shot by Darren Helm.
0:26 of 2nd period - Stopped by Anton Forsberg without a rebound.
0:27 of 2nd period - Kevin Hayes wins face-off versus Pavel Zacha in PORTLAND PIRATES zone.
0:31 of 2nd period - Jordan Eberle is hit by Mattias Ekholm and loses puck.
0:52 of 2nd period - Shot by Jordan Eberle.
0:52 of 2nd period - Shot Misses the Net.
0:54 of 2nd period - Shot by Olli Maatta.
0:54 of 2nd period - Shot Misses the Net.
0:56 of 2nd period - Shot by Jordan Eberle.
0:56 of 2nd period - Stopped by Anton Forsberg with a rebound.
1:12 of 2nd period - Shot by Mike Hoffman.
1:12 of 2nd period - Deflect By Kevin Hayes.
1:12 of 2nd period - Goal by Kevin Hayes - OKANAGAN RATTLESNAKES : 2 - PORTLAND PIRATES : 1.
1:13 of 2nd period - Chandler Stephenson wins face-off versus Oskar Sundqvist in neutral zone.
1:20 of 2nd period - Chandler Stephenson is hit by Colin White and loses puck.
1:37 of 2nd period - Shot by Chandler Stephenson.
1:37 of 2nd period - Goal by Chandler Stephenson - OKANAGAN RATTLESNAKES : 2 - PORTLAND PIRATES : 2.
1:38 of 2nd period - Travis Konecny wins face-off versus Luke Kunin in neutral zone.
1:47 of 2nd period - Shot by Travis Konecny.
1:47 of 2nd period - Stopped by Ville Husso without a rebound.
1:48 of 2nd period - Anders Lee wins face-off versus Chandler Stephenson in OKANAGAN RATTLESNAKES zone.
2:01 of 2nd period - Yanni Gourde is hit by Olli Maatta and loses puck.
2:06 of 2nd period - Shot by Robert Thomas.
2:06 of 2nd period - Stopped by Ville Husso without a rebound.
2:07 of 2nd period - Ryan Reaves wins face-off versus Jonathan Toews in OKANAGAN RATTLESNAKES zone.
2:12 of 2nd period - Pavel Zacha is hit by Ryan Reaves and loses puck.
2:21 of 2nd period - Shot by Mike Hoffman.
2:21 of 2nd period - Shot Misses the Net.
2:26 of 2nd period - Off-side.
2:27 of 2nd period - Chandler Stephenson wins face-off versus Anders Lee in neutral zone.
2:34 of 2nd period - Shot by Robert Thomas.
2:34 of 2nd period - Deflect By Chandler Stephenson.
2:34 of 2nd period - Stopped by Ville Husso with a rebound.
2:36 of 2nd period - Shot by Yanni Gourde.
2:36 of 2nd period - Shot Misses the Net.
2:50 of 2nd period - Shot by Robert Thomas.
2:50 of 2nd period - Stopped by Ville Husso with a rebound.
3:00 of 2nd period - Shot by Chandler Stephenson.
3:00 of 2nd period - Stopped by Ville Husso without a rebound.
3:01 of 2nd period - Jonathan Toews wins face-off versus Ryan Reaves in OKANAGAN RATTLESNAKES zone.
3:01 of 2nd period - Pavel Zacha is hit by Travis Dermott and loses puck.
3:35 of 2nd period - Icing by Ben Hutton.
3:36 of 2nd period - Anders Lee wins face-off versus Jonathan Toews in PORTLAND PIRATES zone.
4:09 of 2nd period - Shot by Gabriel Landeskog.
4:09 of 2nd period - Shot Misses the Net.
4:12 of 2nd period - Icing by Justin Faulk.
4:13 of 2nd period - Anders Lee wins face-off versus Chandler Stephenson in OKANAGAN RATTLESNAKES zone.
4:21 of 2nd period - Icing by Brett Pesce.
4:22 of 2nd period - Oskar Sundqvist wins face-off versus Chandler Stephenson in PORTLAND PIRATES zone.
4:31 of 2nd period - Shot by Colin White.
4:31 of 2nd period - Shot Misses the Net.
4:37 of 2nd period - Robert Thomas is hit by Darren Helm and loses puck.
4:41 of 2nd period - Icing by Brett Pesce.
4:42 of 2nd period - Chandler Stephenson wins face-off versus Ryan Reaves in PORTLAND PIRATES zone.
4:42 of 2nd period - Chandler Stephenson is hit by Ryan Reaves.
4:52 of 2nd period - Jordan Eberle is hit by Yanni Gourde and loses puck.
5:14 of 2nd period - Off-side.
5:15 of 2nd period - Oskar Sundqvist wins face-off versus Mika Zibanejad in neutral zone.
5:29 of 2nd period - Shot by Mika Zibanejad.
5:29 of 2nd period - Shot Misses the Net.
5:32 of 2nd period - Icing by Oskar Sundqvist.
5:33 of 2nd period - Oskar Sundqvist wins face-off versus Pavel Zacha in OKANAGAN RATTLESNAKES zone.
5:41 of 2nd period - Icing by Colin White.
5:42 of 2nd period - Mika Zibanejad wins face-off versus Oskar Sundqvist in OKANAGAN RATTLESNAKES zone.
6:12 of 2nd period - Icing by Gabriel Landeskog.
6:13 of 2nd period - Mika Zibanejad wins face-off versus Anders Lee in PORTLAND PIRATES zone.
6:13 of 2nd period - Mika Zibanejad is hit by Lars Eller.
7:22 of 2nd period - Shot by Rickard Rakell.
7:22 of 2nd period - Stopped by Ville Husso without a rebound.
7:23 of 2nd period - Luke Kunin wins face-off versus Chandler Stephenson in OKANAGAN RATTLESNAKES zone.
8:51 of 2nd period - Shot by Mika Zibanejad.
8:51 of 2nd period - Stopped by Ville Husso without a rebound.
8:52 of 2nd period - Anders Lee wins face-off versus Pavel Zacha in OKANAGAN RATTLESNAKES zone.
8:52 of 2nd period - Anders Lee is hit by Mark Borowiecki.
9:09 of 2nd period - Kevin Hayes is hit by Mark Borowiecki and loses puck.
9:24 of 2nd period - Shot by Kevin Hayes.
9:24 of 2nd period - Shot Blocked by Ben Hutton.
9:53 of 2nd period - Icing by Ben Hutton.
9:54 of 2nd period - Ryan Reaves wins face-off versus Jonathan Toews in PORTLAND PIRATES zone.
10:01 of 2nd period - Shot by Jordan Eberle.
10:01 of 2nd period - Shot Blocked by Ben Hutton.
10:13 of 2nd period - Mark Borowiecki is hit by Ryan Reaves and loses puck.
10:25 of 2nd period - Jordan Eberle is hit by Mark Borowiecki.
10:27 of 2nd period - Shot by Justin Faulk.
10:27 of 2nd period - Shot Misses the Net.
10:29 of 2nd period - Shot by Ryan Reaves.
10:29 of 2nd period - Shot Blocked by Mark Borowiecki.
11:01 of 2nd period - Shot by Colin White.
11:01 of 2nd period - Stopped by Anton Forsberg with a rebound.
11:14 of 2nd period - Shot by Darren Helm.
11:14 of 2nd period - Stopped by Anton Forsberg without a rebound.
11:15 of 2nd period - Chandler Stephenson wins face-off versus Anders Lee in PORTLAND PIRATES zone.
11:26 of 2nd period - Kevin Hayes is hit by Yanni Gourde and loses puck.
11:31 of 2nd period - Shot by Robert Thomas.
11:31 of 2nd period - Stopped by Ville Husso without a rebound.
11:32 of 2nd period - Luke Kunin wins face-off versus Mika Zibanejad in OKANAGAN RATTLESNAKES zone.
11:45 of 2nd period - Gabriel Landeskog and Luke Kunin fight to a draw.
11:45 of 2nd period - Penalty to Gabriel Landeskog for Fighting.
11:45 of 2nd period - Penalty to Luke Kunin for Fighting.
11:46 of 2nd period - Lars Eller wins face-off versus Chandler Stephenson in OKANAGAN RATTLESNAKES zone.
11:46 of 2nd period - Lars Eller is hit by Yanni Gourde.
12:25 of 2nd period - Shot by Robert Thomas.
12:25 of 2nd period - Stopped by Ville Husso without a rebound.
12:26 of 2nd period - Mika Zibanejad wins face-off versus Ryan Reaves in OKANAGAN RATTLESNAKES zone.
12:41 of 2nd period - Shot by Mika Zibanejad.
12:41 of 2nd period - Stopped by Ville Husso with a rebound.
12:43 of 2nd period - Shot by Brett Pesce.
12:43 of 2nd period - Stopped by Ville Husso without a rebound.
12:44 of 2nd period - Jonathan Toews wins face-off versus Oskar Sundqvist in OKANAGAN RATTLESNAKES zone.
12:56 of 2nd period - Icing by Darren Helm.
12:57 of 2nd period - Oskar Sundqvist wins face-off versus Mika Zibanejad in OKANAGAN RATTLESNAKES zone.
13:21 of 2nd period - Shot by Mika Zibanejad.
13:21 of 2nd period - Stopped by Ville Husso without a rebound.
13:22 of 2nd period - Ryan Reaves wins face-off versus Chandler Stephenson in OKANAGAN RATTLESNAKES zone.
13:36 of 2nd period - Shot by Robert Thomas.
13:36 of 2nd period - Shot Misses the Net.
14:16 of 2nd period - Shot by Anders Lee.
14:16 of 2nd period - Shot Misses the Net.
14:18 of 2nd period - Shot by Lars Eller.
14:18 of 2nd period - Stopped by Anton Forsberg without a rebound.
14:19 of 2nd period - Mika Zibanejad wins face-off versus Oskar Sundqvist in PORTLAND PIRATES zone.
14:38 of 2nd period - Shot by Darren Helm.
14:38 of 2nd period - Shot Blocked by Ben Hutton.
15:29 of 2nd period - Jonathan Toews is hit by Olli Maatta and loses puck.
15:52 of 2nd period - Pavel Zacha is hit by Travis Dermott and loses puck.
15:59 of 2nd period - Shot by Jonathan Toews.
15:59 of 2nd period - Shot Misses the Net.
16:01 of 2nd period - Shot by Brian Dumoulin.
16:01 of 2nd period - Shot Misses the Net.
16:03 of 2nd period - Shot by Pavel Zacha.
16:03 of 2nd period - Stopped by Ville Husso without a rebound.
16:04 of 2nd period - Chandler Stephenson wins face-off versus Ryan Reaves in OKANAGAN RATTLESNAKES zone.
17:17 of 2nd period - Shot by Mika Zibanejad.
17:17 of 2nd period - Stopped by Ville Husso without a rebound.
17:18 of 2nd period - Oskar Sundqvist wins face-off versus Jonathan Toews in OKANAGAN RATTLESNAKES zone.
17:18 of 2nd period - Oskar Sundqvist is hit by William Carrier.
17:43 of 2nd period - Shot by Darren Helm.
17:43 of 2nd period - Shot Blocked by William Carrier.
17:54 of 2nd period - Oskar Sundqvist is hit by Mark Borowiecki and loses puck.
18:25 of 2nd period - Shot by Anders Lee.
18:25 of 2nd period - Deflect By Kevin Hayes.
18:25 of 2nd period - Goal by Kevin Hayes - OKANAGAN RATTLESNAKES : 3 - PORTLAND PIRATES : 2.
18:26 of 2nd period - Yanni Gourde wins face-off versus Luke Kunin in neutral zone.
18:54 of 2nd period - Minor Penalty to Yanni Gourde for Interference.
18:54 of 2nd period - Minor Penalty to Travis Dermott for Interference.
18:55 of 2nd period - Lars Eller wins face-off versus Pavel Zacha in OKANAGAN RATTLESNAKES zone.
19:12 of 2nd period - Shot by Pavel Zacha.
19:12 of 2nd period - Shot Blocked by Olli Maatta.
19:38 of 2nd period - Shot by Jordan Eberle.
19:38 of 2nd period - Stopped by Anton Forsberg without a rebound.
19:39 of 2nd period - Jonathan Toews wins face-off versus Jordan Eberle in PORTLAND PIRATES zone.
Goals for this period are 2 for OKANAGAN RATTLESNAKES vs 1 for PORTLAND PIRATES.
Shots for this period are 8 for OKANAGAN RATTLESNAKES vs 15 for PORTLAND PIRATES.

3rd period


0:01 of 3rd period - Pavel Zacha wins face-off versus Lars Eller in neutral zone.
0:22 of 3rd period - Shot by Lars Eller.
0:22 of 3rd period - Stopped by Anton Forsberg without a rebound.
0:23 of 3rd period - Pavel Zacha wins face-off versus Lars Eller in PORTLAND PIRATES zone.
1:31 of 3rd period - Shot by Mika Zibanejad.
1:31 of 3rd period - Shot Blocked by Jordie Benn.
1:33 of 3rd period - Shot by Mika Zibanejad.
1:33 of 3rd period - Shot Misses the Net.
1:35 of 3rd period - Shot by Gabriel Landeskog.
1:35 of 3rd period - Stopped by Ville Husso without a rebound.
1:36 of 3rd period - Chandler Stephenson wins face-off versus Luke Kunin in OKANAGAN RATTLESNAKES zone.
1:57 of 3rd period - Shot by Chandler Stephenson.
1:57 of 3rd period - Shot Misses the Net.
2:21 of 3rd period - Shot by Robert Thomas.
2:21 of 3rd period - Stopped by Ville Husso without a rebound.
2:22 of 3rd period - Mika Zibanejad wins face-off versus Anders Lee in OKANAGAN RATTLESNAKES zone.
2:51 of 3rd period - Lars Eller is hit by Travis Hamonic and loses puck.
2:56 of 3rd period - Shot by Kevin Hayes.
2:56 of 3rd period - Shot Misses the Net.
4:20 of 3rd period - Shot by Rickard Rakell.
4:20 of 3rd period - Stopped by Ville Husso without a rebound.
4:21 of 3rd period - Chandler Stephenson wins face-off versus Luke Kunin in OKANAGAN RATTLESNAKES zone.
5:03 of 3rd period - Yanni Gourde is hit by Justin Faulk and loses puck.
5:32 of 3rd period - Shot by Mattias Ekholm.
5:32 of 3rd period - Shot Blocked by Jordie Benn.
6:27 of 3rd period - Shot by Jordan Eberle.
6:27 of 3rd period - Shot Misses the Net.
7:12 of 3rd period - Shot by Chandler Stephenson.
7:12 of 3rd period - Shot Misses the Net.
7:14 of 3rd period - Shot by Mark Borowiecki.
7:14 of 3rd period - Shot Misses the Net.
7:36 of 3rd period - Shot by Chandler Stephenson.
7:36 of 3rd period - Deflect By Robert Thomas.
7:36 of 3rd period - Stopped by Ville Husso with a rebound.
7:50 of 3rd period - Shot by Mika Zibanejad.
7:50 of 3rd period - Shot Misses the Net.
7:52 of 3rd period - Shot by Mika Zibanejad.
7:52 of 3rd period - Stopped by Ville Husso without a rebound.
7:53 of 3rd period - Anders Lee wins face-off versus Mika Zibanejad in OKANAGAN RATTLESNAKES zone.
7:53 of 3rd period - Anders Lee is hit by Gabriel Landeskog.
8:13 of 3rd period - Shot by Gabriel Landeskog.
8:13 of 3rd period - Stopped by Ville Husso without a rebound.
8:14 of 3rd period - Chandler Stephenson wins face-off versus Tyson Jost in OKANAGAN RATTLESNAKES zone.
8:14 of 3rd period - Yanni Gourde is hit by Adam Clendening and loses puck.
8:18 of 3rd period - Icing by Justin Faulk.
8:19 of 3rd period - Mika Zibanejad wins face-off versus Luke Kunin in OKANAGAN RATTLESNAKES zone.
8:21 of 3rd period - Gabriel Landeskog is hit by Justin Faulk and loses puck.
8:34 of 3rd period - Brett Pesce is hit by Luke Kunin and loses puck.
9:44 of 3rd period - Shot by Kevin Hayes.
9:44 of 3rd period - Stopped by Anton Forsberg without a rebound.
9:45 of 3rd period - Jonathan Toews wins face-off versus Ryan Reaves in PORTLAND PIRATES zone.
9:49 of 3rd period - Off-side.
9:50 of 3rd period - Chandler Stephenson wins face-off versus Ryan Reaves in neutral zone.
10:04 of 3rd period - Icing by Olli Maatta.
10:05 of 3rd period - Jonathan Toews wins face-off versus Ryan Reaves in OKANAGAN RATTLESNAKES zone.
10:05 of 3rd period - Jonathan Toews is hit by Travis Dermott.
10:11 of 3rd period - Shot by Rickard Rakell.
10:11 of 3rd period - Shot Misses the Net.
10:39 of 3rd period - Shot by Jonathan Toews.
10:39 of 3rd period - Stopped by Ville Husso without a rebound.
10:40 of 3rd period - Anders Lee wins face-off versus Chandler Stephenson in OKANAGAN RATTLESNAKES zone.
10:49 of 3rd period - Shot by Anders Lee.
10:49 of 3rd period - Shot Blocked by Brian Dumoulin.
10:51 of 3rd period - Shot by Lars Eller.
10:51 of 3rd period - Stopped by Anton Forsberg with a rebound.
10:53 of 3rd period - Shot by Justin Faulk.
10:53 of 3rd period - Stopped by Anton Forsberg without a rebound.
10:54 of 3rd period - Oskar Sundqvist wins face-off versus Gabriel Landeskog in PORTLAND PIRATES zone.
11:12 of 3rd period - Shot by Darren Helm.
11:12 of 3rd period - Stopped by Anton Forsberg without a rebound.
11:13 of 3rd period - Anders Lee wins face-off versus Chandler Stephenson in PORTLAND PIRATES zone.
11:27 of 3rd period - Shot by Robert Thomas.
11:27 of 3rd period - Deflect By Chandler Stephenson.
11:27 of 3rd period - Stopped by Ville Husso without a rebound.
11:28 of 3rd period - Mika Zibanejad wins face-off versus Ryan Reaves in OKANAGAN RATTLESNAKES zone.
11:35 of 3rd period - Shot by Gabriel Landeskog.
11:35 of 3rd period - Stopped by Ville Husso with a rebound.
11:46 of 3rd period - Minor Penalty to Yanni Kaldis for Holding.
11:47 of 3rd period - Chandler Stephenson wins face-off versus Oskar Sundqvist in OKANAGAN RATTLESNAKES zone.
12:54 of 3rd period - Shot by Travis Konecny.
12:54 of 3rd period - Deflect By Mika Zibanejad.
12:54 of 3rd period - Stopped by Ville Husso without a rebound.
12:55 of 3rd period - Mika Zibanejad wins face-off versus Jordan Eberle in OKANAGAN RATTLESNAKES zone.
13:46 of 3rd period - Shot by Gabriel Landeskog.
13:46 of 3rd period - Shot Misses the Net.
13:54 of 3rd period - Shot by Tyson Jost.
13:54 of 3rd period - Stopped by Anton Forsberg without a rebound.
13:55 of 3rd period - Mike Hoffman wins face-off versus Michael Amadio in PORTLAND PIRATES zone.
14:31 of 3rd period - Shot by Jonathan Toews.
14:31 of 3rd period - Shot Misses the Net.
15:03 of 3rd period - Shot by Luke Kunin.
15:03 of 3rd period - Stopped by Anton Forsberg without a rebound.
15:04 of 3rd period - Mika Zibanejad wins face-off versus Anders Lee in PORTLAND PIRATES zone.
15:35 of 3rd period - Shot by Gabriel Landeskog.
15:35 of 3rd period - Stopped by Ville Husso with a rebound.
15:43 of 3rd period - Shot by Lars Eller.
15:43 of 3rd period - Shot Misses the Net.
15:45 of 3rd period - Shot by Kevin Hayes.
15:45 of 3rd period - Stopped by Anton Forsberg without a rebound.
15:46 of 3rd period - Oskar Sundqvist wins face-off versus Chandler Stephenson in PORTLAND PIRATES zone.
15:47 of 3rd period - Shot by Darren Helm.
15:47 of 3rd period - Shot Blocked by Brett Pesce.
16:32 of 3rd period - Off-side.
16:33 of 3rd period - Jonathan Toews wins face-off versus Ryan Reaves in neutral zone.
16:48 of 3rd period - Shot by Jonathan Toews.
16:48 of 3rd period - Shot Blocked by Mike Hoffman.
17:01 of 3rd period - Minor Penalty to Ryan Reaves for Holding.
17:02 of 3rd period - Mika Zibanejad wins face-off versus Oskar Sundqvist in OKANAGAN RATTLESNAKES zone.
17:40 of 3rd period - Shot by Robert Thomas.
17:40 of 3rd period - Shot Hit the Post.
17:42 of 3rd period - Shot by Mika Zibanejad.
17:42 of 3rd period - Stopped by Ville Husso without a rebound.
17:43 of 3rd period - Chandler Stephenson wins face-off versus Jordan Eberle in OKANAGAN RATTLESNAKES zone.
17:49 of 3rd period - Gabriel Landeskog is hit by Travis Dermott and loses puck.
18:48 of 3rd period - Shot by Robert Thomas.
18:48 of 3rd period - Shot Blocked by Justin Faulk.
18:50 of 3rd period - Shot by Ben Hutton.
18:50 of 3rd period - Shot Blocked by Justin Faulk.
18:50 of 3rd period - Justin Faulk from OKANAGAN RATTLESNAKES is injured at 18:50 of 3rd period (Sprained Left Ankle).
18:51 of 3rd period - Mika Zibanejad wins face-off versus Oskar Sundqvist in OKANAGAN RATTLESNAKES zone.
19:00 of 3rd period - PORTLAND PIRATES, Anton Forsberg is pulled from the net.
19:02 of 3rd period - Shot by Travis Konecny.
19:02 of 3rd period - Stopped by Ville Husso without a rebound.
19:03 of 3rd period - Mika Zibanejad wins face-off versus Anders Lee in OKANAGAN RATTLESNAKES zone.
19:08 of 3rd period - Shot by Travis Konecny.
19:08 of 3rd period - Stopped by Ville Husso with a rebound.
19:10 of 3rd period - Shot by Robert Thomas.
19:10 of 3rd period - Stopped by Ville Husso without a rebound.
19:11 of 3rd period - Robert Thomas wins face-off versus Anders Lee in OKANAGAN RATTLESNAKES zone.
19:42 of 3rd period - Travis Konecny is hit by Olli Maatta and loses puck.
19:56 of 3rd period - Travis Konecny is hit by Adam Clendening and loses puck.
Goals for this period are 0 for OKANAGAN RATTLESNAKES vs 0 for PORTLAND PIRATES.
Shots for this period are 8 for OKANAGAN RATTLESNAKES vs 15 for PORTLAND PIRATES.


SEBASTIAN
AHO
MARK
SCHEIFELE
JAKE
OETTINGER

EAST COAST

HOCKEY LEAGUE

  • 17.QUE3CHI2
  • 18.CHA2LIM4
  • 19.TRV3LON2
  • 20.CHW1BAL2
  • 21.PITMAN
  • 22.ATLNHW
  • 23.WORPET
  • 24.RHI